← All builds
Geo / Armada / Economy first / OBSERVED BUILD

Sharpshooter snipers

Geo pushes to an Advanced Bot Lab and fields Sharpshooter snipers from 8:17 with Smuggler and Welder support, but units mostly fight defensively on the team's own side rather than advancing.

#t2 · 16 distinct matches · 11 players · 1% of Armada Geo games · team won 38% of 16 · Recently observed

THE CATCH, AND WHAT COMES WITH IT
  • SharpshooterT2 bot snipers from 8:17 · 3% of role by thenFrom the Advanced Bot Lab. Only 3% of Geo games have it by then; others who build it get it around 9:11
  • Advanced Bot LabAdvanced Bot Lab in 100%7% of all Geo games by then
  • SmugglerJammer bot in 81%2% of all Geo games by then
  • WelderWelder in 50%3% of all Geo games by then
  • SharpshooterSniper bot in 44%1% of all Geo games by then

Where those units first fight, in 16 games with kill data: in the middle 69%, on their own side 31%.

Those units destroy a typical 3,708 metal of enemy units by 15:00.

Then transitions into Welder (16% of army), blitz (10% of army).

HOW TO PLAY IT

Key timing: Advanced Bot Lab by 7:19

  1. Open mex and wind, get Bot Lab and geothermal up fast.
  2. Rush Advanced Bot Lab well ahead of the usual T2 vehicle timing.
  3. Push Sharpshooter sniper bots to snipe at the middle.
  4. Add jammer bot support alongside the sniper push.
  5. Transition into Welder T2 bot riot for the standard follow-up.

Phase by phase

TYPICAL OF ITS 16 GAMES · AGAINST STANDARD GEO
  1. 1
  2. 2
  3. 3
  4. 4
  5. 5
PLAY THE OPENING

Follow the example game's first 9:18 step by step: what to build now, what comes next, and where it goes. At 1× it keeps pace with your own game.

  1. 1

    Up to the Bot Lab

    Economy
    • Metal Extractor3Mex
    • Wind Turbine4Wind
    Order
    1. Bot LabBot Lab after 3 mex, 4 winddone ~1:08, middle half 0:54–1:20

    By 0:52 in all: 3 mex · 4 wind

    The example game in this phase · 3 steps
    1. Mex ×2
    2. Solar
    3. Bot LabBot Labdone 0:42 · typical 1:08
  2. 2

    Bot Lab to 5:00

    Economy
    • Metal Extractor2Mex
    • Wind Turbine5Wind+2 vs standard
    • Energy Converter7Converter
    • Energy Storage1Energy storage
    Order
    1. Geothermal PowerplantGeo after 4 mex, 7 wind, 1 energy storage
    Builders
    • Construction Turret4 Con turret
    • Lazarus4 Lazarus
    • Construction Bot2 Con bot
    • Construction Bot1 Con bot for allies
    • Lazarus1 Lazarus for allies

    By 5:00 in all: 4 mex · 7 wind · 1 geo · 7 converter · 1 energy storage · 4 con turret

    The example game in this phase · 24 steps
    1. Wind
    2. LazarusLazarus
    3. Wind
    4. Solar
    5. Wind
    6. LazarusLazarus
    7. Wind ×2
    8. LazarusLazarus
    9. Wind
    10. LazarusLazarus
    11. Construction BotCon bot ×2
    12. LazarusLazarusfor Beach sea
    13. Energy storage
    14. Mex
    15. Con turret
    16. Construction BotCon botfor Beach sea
    17. Mex
    18. Geothermal PowerplantGeodone 3:08 · typical 3:24
    19. Con turret ×2
    20. Converter
    21. Advanced Construction BotT2 con bot
    22. Converter ×3
    23. Advanced Metal ExtractorT2 mexdone 5:34 · typical 5:44
    24. Converter ×3
  3. 3

    5:00 to Advanced Bot Lab

    Order
    1. Advanced Geothermal PowerplantAdvanced Geothermal Powerplant after 7 wind, 12 converter, 7 con turretin 50% of games
    2. Advanced Bot LabAdvanced Bot Lab after 9 wind, 10 converter, 7 con turretdone ~7:45, middle half 5:25–8:50

    Some games also: con turret (50%) · Advanced Geothermal Powerplant (50%) · converter (44%) · wind (38%) · energy storage (31%)

    By 6:41 in all: 4 mex · 9 wind · 1 geo · 10 converter · 1 energy storage · 7 con turret

    The example game in this phase · 1 step
    1. Advanced Bot LabAdvanced Bot Labdone 4:21 · typical 7:45
  4. 4

    Advanced Bot Lab to T2 bot snipers

    Order
    1. SharpshooterT2 bot snipers after 12 wind, 10 converter, 7 con turretdone ~8:27, middle half 7:44–9:14

    By 8:14 in all: 4 mex · 12 wind · 1 geo · 1 Advanced Geothermal Powerplant · 10 converter · 1 energy storage

    The example game in this phase · 1 step
    1. SharpshooterSniper botdone 5:39 · typical 8:27
  5. 5

    T2 bot snipers to 10:00

    Army
    • Sharpshooter2 Sniper bot +2 vs standard

    Some games also: T2 con bot for allies (44%) · wind (44%) · jammer bot (44%) · radar bot (38%) · Welder (31%)

    The standard build makes here, this one skips: 4 wind

    By 10:00 in all: 4 mex · 24 wind · 1 geo · 1 Advanced Geothermal Powerplant · 10 converter (standard 16) · 2 energy storage

    The example game in this phase · 155 steps
    1. Converter ×2
    2. SharpshooterSniper bot
    3. Advanced Metal ExtractorT2 mex
    4. SmugglerJammer bot
    5. CompassRadar bot
    6. SharpshooterSniper bot
    7. Wind
    8. WelderWelder
    9. Wind
    10. WelderWelder
    11. Wind
    12. WelderWelder
    13. Wind
    14. WelderWelder
    15. Wind
    16. Advanced Metal ExtractorT2 mex
    17. WelderWelder
    18. Wind ×2
    19. WelderWelder
    20. Wind
    21. WelderWelder
    22. Wind
    23. ButlerButler ×2
    24. Wind ×2
    25. Con turret
    26. Wind
    27. Advanced Construction BotT2 con botfor Air
    28. Con turret
    29. Wind
    30. Bot LabBot Labdone 9:07
    31. ButlerButler
    32. Wind
    33. PrudePrudedone 9:19
    34. ButlerButler ×2
    35. Wind ×4
    36. Advanced Construction BotT2 con botfor Beach sea
    37. Advanced Metal ExtractorT2 mex
    38. Advanced Construction BotT2 con bot ×3for Pond
    39. Converter
    40. PawnPawn
    41. CenturionCenturion
    42. SharpshooterSniper bot
    43. Converter
    44. CenturionCenturion
    45. Converter
    46. Wind
    47. SharpshooterSniper bot
    48. Converter
    49. CenturionCenturion
    50. Wind ×2
    51. Converter
    52. Wind ×2
    53. Converter
    54. Wind
    55. SharpshooterSniper bot
    56. Wind
    57. Converter
    58. CenturionCenturion
    59. Wind ×2
    60. Converter
    61. Wind ×3
    62. Converter
    63. Wind ×2
    64. SharpshooterSniper bot
    65. Wind ×3
    66. ChainsawChainsaw
    67. CenturionCenturion
    68. Converter
    69. Wind ×2
    70. Converter
    71. Wind ×3
    72. Converter
    73. Wind ×3
    74. Converter
    75. Wind ×3
    76. Converter
    77. Wind
    78. SmugglerJammer bot
    79. CenturionCenturion
    80. Wind ×2
    81. CompassRadar bot
    82. Converter
    83. ArchangelArchangeldone 12:40
    84. Wind
    85. Metal storage
    86. Wind ×5
    87. Converter
    88. Wind
    89. CenturionCenturion
    90. Con turret
    91. Wind
    92. Converter
    93. Wind ×3
    94. Con turret
    95. Wind ×3
    96. Converter
    97. Wind
    98. Converter ×2
    99. Con turret
    100. Wind ×3
    101. Converter
    102. Wind ×2
    103. Con turret
    104. Wind ×8
    105. CenturionCenturion
    106. Experimental GantryExperimental Gantrydone 14:49
    107. Wind ×2
    108. Converter
    109. Wind ×5
    110. Converter
    111. Wind
    112. Converter ×4
    113. Wind ×8
    114. CenturionCenturion
    115. Wind ×2
    116. Converter
    117. Wind ×9
    118. Converter ×2
    119. Wind ×3
    120. TickTick
    121. Converter
    122. Wind ×2
    123. Converter
    124. Wind
    125. Converter
    126. Wind ×7
    127. Converter
    128. TickTick
    129. Wind ×3
    130. Converter
    131. Wind ×4
    132. Converter
    133. Wind ×5
    134. Converter
    135. Wind ×3
    136. Converter
    137. Wind ×3
    138. TickTick
    139. Wind
    140. Converter ×2
    141. Wind ×5
    142. Converter
    143. Wind
    144. Converter
    145. Wind ×2
    146. Converter
    147. TickTick
    148. Wind ×7
    149. RazorbackRazorbacknot finished by 15:00
    150. TickTick
    151. Wind ×5
    152. Converter
    153. Wind
    154. Converter
    155. Wind

Counts are medians over the build's games: half of them build more, half fewer. The example game is Immort's (54 OS, 17/09/2026); pick another.

Team trades

IN AT LEAST 30% OF ITS GAMES

You hand over

  • Lazarus1 Lazarus to Beach sea or Suicide frontfirst at 2:14 · in 69% of games
  • Construction Bot1 Con bot to Beach sea or Airfirst at 2:21 · in 88% of games
  • Advanced Construction Bot2 T2 con bot to Suicide front or Front or Airfirst at 8:02 · in 69% of games

You get

  • Hercules1 Light transport from Airfirst at 3:56 · in 44% of games
  • Advanced Construction Bot1 T2 con bot from Techfirst at 4:56 · in 69% of games

How it plays out

Typical game of this build against the role’s standard build, running totals by minute

  • This build
  • Standard geo

Metal produced

020k40k
0:005:0010:0015:00

metal

Enemy metal destroyed

05k10k15k
0:005:0010:0015:00

metal

Own metal lost

02.5k5k7.5k
0:005:0010:0015:00

metal

16 games.

Show as table
ByMetal produced: This buildMetal produced: Standard geoEnemy metal destroyed: This buildEnemy metal destroyed: Standard geoOwn metal lost: This buildOwn metal lost: Standard geo
1:003503330000
2:008438250000
3:00149915230000
4:00270227000000
5:00383337260000
6:00558057290000
7:0075288130320690
8:0098271145932017621
9:00131701448914751245130
10:001621617405908565320280
11:001944220377201120741470790
12:0021522233053344394018711940
13:0024930260624689596130053304
14:0027816289884885832138224785
15:00314443149764801017250146196
WHAT THE NUMBERS SAY

This sniper rush for Geo won less often than the standard build and destroyed less enemy metal by 15:00 despite matching production.

  • + Metal produced by 10:00 was 16366 vs 17376, nearly matching the standard.
  • + Own metal lost by 10:00 was 283 vs 334, slightly safer than normal.
  • − Team won only 35% of games vs 53% for the standard build.
  • − Enemy metal destroyed by 15:00 was 6983 vs 9875, well below the norm.
THE EXAMPLE YOU ARE READING

Immort

53.9 OS · 17/09/2026

Open source match ↗

135 received units · includes a constructor
3322 metal received · 246346 energy received

Allied construction assistance is unknown. Timings are observations, not a promise of solo reproducibility.

Typical milestones

Bot Lab1:08Middle 50%: 0:54–1:20 · n=16
Geothermal Powerplant3:24Middle 50%: 3:10–3:52 · n=14
Advanced Metal Extractor5:44Middle 50%: 5:25–6:04 · n=16
Advanced Bot Lab7:45Middle 50%: 5:25–8:50 · n=16
Advanced Geothermal Powerplant8:10Middle 50%: 7:10–8:30 · n=11
Sharpshooter8:27Middle 50%: 7:44–9:14 · n=16

Played most by

Immort4games of this buildhaaven3games of this build_X_1game of this buildGeeGee1game of this buildKcorp1game of this build